Match 45285136
Unlisted

Match 45285136
End
Scout Squad
Construct Weapon Support Center
Construct Weapon Support Center
M1919 Machine Gun Team
M1919 Machine Gun Team
Engineer Squad
Infantry Support Center
M3 Armored Personnel Carrier
Selects Advanced Infantry Battlegroup
Selects Artillery Observers
M3 Armored Personnel Carrier
Construct Barracks
Selects Convert to Ranger Squad
Riflemen Squad
.30 cal Machine Gun
HulkSMASH
LW | MUERTE
FistyMcBeef
Bigvalco
波菜
tethuya
The demented child
̶H̶e̶c̶t̶o̶r̶
0
0

Comments sign in to comment!

No comments posted yet!